AoeStats
← yatsude

Arena

509270868Analyzed
4v4 RM · 7d ago on Sep 26, 2026· 60m 32s· 8 players
Game mode
Random Map
Map size
Large (8 player)
Population
200
Speed
Normal
Resources
Standard
Victory
Conquest
Starting age
Dark Age
Ending age
Imperial Age
RankedLock teamsTeams togetherTeam positionsShared explorationLock speedFull tech treeHidden civsTurbo modeCheats
Victory
Defeat
🇨🇴 Byzantines · Colombia
1031
+15
🇨🇴 Danes · Colombia
1028
+15
🇨🇴 Persians · Colombia
1021
+15
🇨🇴 Franks · Colombia
1016
+16
🇦🇷 Spanish · Argentina
1026
-32
🇦🇷 Hindustanis · Argentina
1000
-45
🇦🇷 Persians · Argentina
1000
-45
🇦🇷 Bohemians · Argentina
999
-38
RamiroFR
10:55 Feudal Age
12:16 Loom
14:39 Castle Age
13:37 Double-Bit Axe
13:33 Horse Collar
14:36 Scale Barding Armor
16:40 Bow Saw
19:31 Heavy Plow
25:25 Gold Mining
26:46 Wheelbarrow
27:03 Forging
27:18 Chain Barding Armor
27:31 Bloodlines
27:24 Husbandry
28:06 Bloodlines
31:34 Stone Mining
32:37 Ballistics
39:26 Hand Cart
40:56 Pikeman
41:37 Squires
42:01 Arson
45:00 Imperial Age
43:48 Forging
43:41 Scale Mail Armor
43:28 Town Watch
44:31 Stone Shaft Mining
46:15 Halberdier
47:53 Fletching
48:04 Padded Archer Armor
48:21 Thumb Ring
53:55 Elite Skirmisher
53:58 Heavy Mounted Crossbowman
erox9928
11:00 Feudal Age
12:30 Double-Bit Axe
12:39 Horse Collar
15:54 Castle Age
18:23 Loom
23:22 Wheelbarrow
24:26 Scale Barding Armor
25:46 Gold Mining
27:27 Heavy Plow
29:00 Forging
29:11 Chain Barding Armor
29:35 Husbandry
29:46 Bloodlines
30:43 Grand Trunk Road
32:26 Iron Casting
35:14 Imperial Age
35:50 Heavy Camel Rider
39:28 Gold Shaft Mining
38:27 Heavy Cavalry Archer
39:49 Hand Cart
43:18 Thumb Ring
43:15 Padded Archer Armor
43:05 Fletching
44:16 Blast Furnace
43:51 Plate Barding Armor
43:28 Imperial Camel Rider
46:57 Leather Archer Armor
46:37 Bodkin Arrow
52:14 Chemistry
53:53 Ballistics
54:27 Bow Saw
54:02 Elite Skirmisher
Japijipi
13:54 Feudal Age
18:46 Castle Age
17:19 Double-Bit Axe
17:18 Horse Collar
24:39 Bow Saw
27:22 Wheelbarrow
28:09 Forging
28:04 Scale Barding Armor
28:21 Heavy Plow
30:40 Hand Cart
30:16 Town Watch
47:58 Iron Casting
47:23 Scale Mail Armor
47:43 Chain Barding Armor
52:22 Ballistics
53:02 Chemistry
52:08 Siphons
56:13 Imperial Age
ebisu
11:12 Feudal Age
15:32 Castle Age
14:05 Stone Mining
14:16 Loom
14:29 Horse Collar
16:19 Double-Bit Axe
22:48 Heavy Plow
24:25 Wheelbarrow
26:25 Bow Saw
26:34 Gold Mining
27:30 Bloodlines
27:21 Husbandry
27:28 Husbandry
28:16 Hand Cart
30:42 Forging
30:38 Scale Barding Armor
33:29 Imperial Age
35:02 Cavalier
36:36 Gold Shaft Mining
36:35 Savar
39:53 Iron Casting
39:39 Chain Barding Armor
45:40 Blast Furnace
55:43 Plate Barding Armor
54:46 Light Cavalry
DICO
10:58 Feudal Age
14:44 Castle Age
12:59 Double-Bit Axe
15:36 Bow Saw
16:40 Fletching
34:40 Imperial Age
45:20 Forging
46:49 Iron Casting
49:27 Blast Furnace
48:27 Scale Mail Armor
53:05 Conscription
52:06 Elite Jomsviking
54:34 Chemistry
54:32 Wheelbarrow
54:11 Capped Ram
55:22 Siege Ram
57:57 Siege Engineers
60:27 Chain Mail Armor
60:15 Northmen's Fury
Galahad
10:59 Feudal Age
15:05 Castle Age
13:46 Double-Bit Axe
13:44 Horse Collar
16:30 Bow Saw
16:25 Heavy Plow
22:35 Wheelbarrow
26:39 Fletching
26:50 Padded Archer Armor
27:07 Scale Mail Armor
27:18 Forging
29:50 Imperial Age
27:07 Loom
28:07 Hand Cart
27:34 Pikeman
28:14 Squires
28:14 Bodkin Arrow
28:05 Treadmill Crane
28:46 Ballistics
29:04 Crossbowman
31:32 Chemistry
30:53 Chain Mail Armor
31:55 Greek Fire
31:45 Halberdier
33:37 Conscription
33:58 Bombard Tower
33:02 Arbalester
34:24 Thumb Ring
35:37 Bracer
36:08 Plate Mail Armor
36:39 Arson
38:40 Iron Casting
38:21 Leather Archer Armor
38:22 Fortified Wall
40:50 Conscription
41:08 Hoardings
42:20 Two-Man Saw
44:18 Ring Archer Armor
47:27 Caravan
47:38 Guilds
47:43 Elite Cataphract
48:37 Logistica
48:38 Scale Barding Armor
50:36 Elite Varangian Guard
51:52 Husbandry
54:00 Coinage
56:35 Banking
57:16 Chain Barding Armor
58:51 Plate Barding Armor
racied7
11:41 Feudal Age
15:59 Castle Age
14:02 Double-Bit Axe
15:19 Loom
16:13 Scale Barding Armor
18:01 Bow Saw
19:53 Husbandry
23:52 Wheelbarrow
31:41 Imperial Age
30:21 Chain Barding Armor
31:17 Hand Cart
31:00 Gold Mining
31:01 Stone Mining
33:26 Plate Barding Armor
33:31 Pikeman
34:13 Squires
33:58 Arson
34:37 Conscription
38:36 Scale Mail Armor
38:48 Forging
38:30 Fletching
40:33 Chemistry
39:40 Siege Engineers
39:16 Treadmill Crane
39:32 Murder Holes
42:19 Cavalier
42:47 Halberdier
43:14 Gambesons
46:01 Chain Mail Armor
46:22 Iron Casting
45:44 Bodkin Arrow
45:31 Paladin
yatsude
10:28 Feudal Age
15:04 Castle Age
13:18 Double-Bit Axe
14:25 Scale Barding Armor
18:51 Horse Collar
23:03 Gold Mining
23:43 Bow Saw
24:47 Town Watch
26:32 Heavy Plow
28:25 Wheelbarrow
29:10 Bloodlines
29:04 Husbandry
32:25 Imperial Age
30:49 Gold Shaft Mining
30:46 Hand Cart
30:17 Loom
30:23 Loom
31:00 Forging
31:40 Chain Barding Armor
32:29 Iron Casting
32:03 Cavalier
34:16 Chemistry
34:42 Conscription
35:47 Savar
51:25 Caravan
56:32 Ballistics
Connection lost

Rejoining the realm…

Still unreachable

The connection could not be restored.

Session expired

The server has moved on; the page needs a fresh start.